 Dungeon Crawl Stone Soup version 0.26.0-10-g1f06aea511 (webtiles) character file.

Game seed: 6377360271483528024

38005 MisterFreud the Slicer (level 14, -3/111 HPs)
             Began as a Gnoll Berserker on Jan 16, 2021.
             Was a High Priest of Trog.
             Killed from afar by a will-o-the-wisp (14 damage)
             ... with a foxfire
             ... on level 4 of the Lair of Beasts.
             The game lasted 00:39:07 (22833 turns).

MisterFreud the Slicer (Gnoll Berserker)           Turns: 22833, Time: 00:39:08

Health: -3/111     AC: 14    Str: 23    XL:     14   Next: 0%
Magic:  26/26      EV: 20    Int: 11    God:    Trog [*****.]
Gold:   877        SH:  6    Dex: 15    Spells: 30/30 levels left

rFire    . . .     SeeInvis +   E - +5 long sword
rCold    . . .     Faith    +   w - +0 buckler
rNeg     . . .     Spirit   .   t - +0 scale mail
rPois    .         Reflect  .   D - +0 helmet
rElec    .         Harm     .   (no cloak)
rCorr    .         Rampage  .   i - +1 pair of gloves
Will     +....                  L - +0 pair of boots
Stlth    +++.......             s - amulet of faith
HPRegen  0.28/turn              v - ring of see invisible
MPRegen  0.20/turn              S - +4 ring of evasion

@: no status effects
A: distributed training, fangs 1, strong nose
a: Renounce Religion, Berserk, Trog's Hand, Brothers in Arms


You were on level 4 of the Lair of Beasts.
You worshipped Trog.
Trog was extremely pleased with you.
You visited 2 branches of the dungeon, and saw 16 of its levels.
You also visited: Ossuary.

You collected 877 gold pieces.

Inventory:

Hand Weapons
 a - a +0 short sword
 n - a +1 dagger of holy wrath
 E - a +5 long sword (weapon)
 H - a +0 broad axe
 T - a +1 flail of protection
Missiles
 c - 471 stones
 d - 76 sling bullets
 m - 24 boomerangs
 o - 97 poisoned darts
Armour
 i - a +1 pair of gloves (worn)
 t - a +0 scale mail (worn)
 w - a +0 buckler (worn)
 D - a +0 helmet (worn)
 L - a +0 pair of boots (worn)
Jewellery
 h - an uncursed amulet of the acrobat
 s - an amulet of faith (around neck)
 v - a ring of see invisible (left hand)
 y - an uncursed ring of fire
 G - a +6 ring of strength
 Q - an uncursed ring of protection from cold
 S - a +4 ring of evasion (right hand)
Wands
 M - a wand of iceblast (24)
 N - a wand of random effects (15)
 O - a wand of acid (25)
 P - a wand of polymorph (10)
 U - a wand of disintegration (18)
 W - a wand of paralysis (12)
Scrolls
 e - 4 scrolls of magic mapping
 f - 6 scrolls of identify
 g - 2 scrolls of random uselessness {unknown}
 j - 6 scrolls of teleportation
 k - 2 scrolls of blinking {unknown}
 x - a scroll of fog
 z - 4 scrolls of enchant weapon {unknown}
 C - 3 scrolls of fear {unknown}
 F - a scroll of silence {unknown}
 I - a scroll of vulnerability {unknown}
 J - 2 scrolls of holy word {unknown}
 K - 3 scrolls of enchant armour {unknown}
 R - 3 scrolls of immolation {unknown}
 X - a scroll of summoning {unknown}
 Z - a scroll of acquirement {unknown}
Potions
 b - 3 potions of attraction
 l - 3 potions of ambrosia
 p - 4 potions of might
 q - 4 potions of haste
 r - 5 potions of curing
 u - a potion of lignification
 A - a potion of mutation
 B - 2 potions of flight
 V - a potion of berserk rage
 Y - a potion of cancellation


   Skills:
 + Level 10.8 Fighting
 + Level 10.8 Short Blades
 + Level 8.8 Long Blades
 + Level 8.8 Axes
 + Level 8.8 Maces & Flails
 + Level 8.8 Polearms
 + Level 8.8 Staves
 + Level 8.8 Slings
 + Level 8.8 Bows
 + Level 8.8 Crossbows
 + Level 8.8 Throwing
 + Level 9.9 Armour
 + Level 9.9 Dodging
 + Level 8.8 Stealth
 + Level 8.8 Shields
 + Level 8.8 Unarmed Combat
 + Level 8.8 Spellcasting
 + Level 7.3 Conjurations
 + Level 7.3 Hexes
 + Level 7.3 Summonings
 + Level 7.3 Necromancy
 + Level 7.3 Translocations
 + Level 7.3 Transmutations
 + Level 7.3 Fire Magic
 + Level 7.3 Ice Magic
 + Level 7.3 Air Magic
 + Level 7.3 Earth Magic
 + Level 7.3 Poison Magic
 + Level 9.6 Invocations
 + Level 8.8 Evocations


You had 30 spell levels left.
You didn't know any spells.
Your spell library was empty.

Dungeon Overview and Level Annotations

Branches:
Dungeon (12/15)            Temple (0/1) D:7            Lair (4/6) D:11
  Swamp (0/4) Lair:4       Spider (0/4) Lair:3          Orc (0/2) D:9
Ossuary (visited)

Altars:
Ashenzari
Elyvilon
Hepliaklqana
Kikubaaqudgha
Makhleb
Okawaru
Qazlal
Sif Muna
Wu Jian
Xom
Yredelemnul
Zin
Lugonu

Shops:
D:7 (   D:8 :   D:10 !

Portals:
Abyss: D:5

Annotations:
D:9 2 transporters
Lair:2 3 runed translucent doors, Daviar's ghost, journeyman OpFi


Innate Abilities, Weirdness & Mutations

Your experience applies equally to all skills.
You have very sharp teeth.
Your uncanny sense of smell can sniff out nearby items.


Message History

The wyvern closely misses you.
You riposte.
You closely miss the wyvern. 2 foxfires come into view.
Okay, then.
Unknown command.
Unknown command.
Okay, then.
Unknown command.
Okay, then.
Unknown command.
Unknown command.
Unknown command.
Unknown command.
Unknown command.
Unknown command.
Unknown command.
Unknown command.
You feel better. The foxfire hits you!
* * * LOW HITPOINT WARNING * * *
The foxfire hits you!
You die...

##....##.....8....### ##......PP
##†.................# #.....P.P
#.###.....#..###....# ####)..##P.
#........##.## ##...##.......#...
#.<.....###..#####.8........§§.##
#...##### #.....##....##≈.§§§....
#.### ###.....#..#§§§§§).#### ###
##........§§§§§.## #
##v@.....##.§§. #.vl..### #.
#.§§..# #....... #.......#
#......... #....##.... ......
....


You could see a will-o-the-wisp and a wyvern.

Vanquished Creatures
  An orc warlord (D:10)
  5 hydras
  A death knight (D:12)
  2 two-headed ogres
  An unseen horror (D:11)
  An orc knight (D:10)
  A wolf spider (Lair:3)
  A deep elf mage (D:10)
  A manticore (D:11)
  An ugly thing (D:12)
  6 elephants (Lair:4)
  A black mamba (Lair:1)
  A centaur skeleton (D:10)
  8 cane toads
  A komodo dragon (Lair:1)
  2 jumping spiders (Lair:3)
  A polar bear (Lair:4)
  A hornet (D:9)
  8 blink frogs
  49 yaks
  5 wyverns
  2 wraiths (D:12)
  A redback (Lair:3)
  Eustachio (D:6)
  2 basilisks
  A steam dragon (D:9)
  2 vampire mosquitoes (D:9)
  14 wargs (D:10)
  8 water moccasins
  A soldier ant (D:10)
  16 orc warriors
  2 ice beasts
  7 sky beasts
  A black bear (Lair:3)
  6 phantoms
  A hornet zombie (D:10)
  2 necrophages
  7 ogres
  5 wolves
  5 centaurs
  A big kobold (D:9)
  3 elf zombies (Ossuary)
  Blork the orc (D:6)
  10 bullfrogs
  A gnoll sergeant (D:6)
  4 scorpions
  11 killer bees
  18 wights
  5 jellies
  8 centaur zombies
  4 human zombies (Ossuary)
  8 hounds
  4 bullfrog skeletons
  5 orc priests
  15 orc wizards
  6 iguanas
  Natasha (twice) (D:2)
  5 worker ants
  3 mummies (Ossuary)
  A hound skeleton (D:4)
  2 worker ant zombies
  7 gnolls
  15 adders
  2 shadow imps
  2 white imps
  4 ufetubi
  7 oozes
  An adder zombie (D:9)
  3 worms
  2 dart slugs
  5 leopard geckos
  86 orcs
  2 ball pythons (D:3)
  6 bats
  3 giant cockroaches
  8 goblins
  4 hobgoblins
  14 jackals
  11 kobolds
  9 quokkas
  6 frilled lizards
  A giant cockroach zombie (D:6)
  A jackal skeleton (D:6)
  A leopard gecko skeleton (D:6)
  2 quokka skeletons
  A quokka zombie (D:8)
  10 rats
  A lurking horror (D:5)
513 creatures vanquished.

Vanquished Creatures (others)
  7 foxfires (Lair:4)
  39 fungi
  A lurking horror (D:5)
  25 plants
72 creatures vanquished.

Grand Total: 585 creatures vanquished

Notes
Turn   | Place    | Note
-------+----------+-------------------------------------------
     0 | D:1      | MisterFreud the Gnoll Berserker began the quest for the
                  | Orb.
     0 | D:1      | Reached XP level 1. HP: 23/23 MP: 1/1
   215 | D:1      | Reached XP level 2. HP: 29/29 MP: 2/2
   966 | D:2      | Reached XP level 3. HP: 30/35 MP: 2/4
  1152 | D:2      | Reached skill level 1 in Invocations
  1168 | D:2      | Reached skill level 1 in Long Blades
  1168 | D:2      | Reached skill level 1 in Axes
  1168 | D:2      | Reached skill level 1 in Maces & Flails
  1168 | D:2      | Reached skill level 1 in Polearms
  1168 | D:2      | Reached skill level 1 in Staves
  1168 | D:2      | Reached skill level 1 in Slings
  1168 | D:2      | Reached skill level 1 in Bows
  1168 | D:2      | Reached skill level 1 in Crossbows
  1168 | D:2      | Reached skill level 1 in Throwing
  1168 | D:2      | Reached skill level 1 in Stealth
  1168 | D:2      | Reached skill level 1 in Shields
  1168 | D:2      | Reached skill level 1 in Unarmed Combat
  1168 | D:2      | Reached skill level 1 in Spellcasting
  1168 | D:2      | Reached skill level 1 in Evocations
  1179 | D:2      | Noticed Natasha
  1209 | D:2      | Killed Natasha
  1210 | D:2      | Reached XP level 4. HP: 17/41 MP: 5/5
  1322 | D:2      | Reached ** piety under Trog
  1353 | D:2      | Reached skill level 1 in Conjurations
  1353 | D:2      | Reached skill level 1 in Hexes
  1353 | D:2      | Reached skill level 1 in Summonings
  1353 | D:2      | Reached skill level 1 in Necromancy
  1353 | D:2      | Reached skill level 1 in Translocations
  1353 | D:2      | Reached skill level 1 in Transmutations
  1353 | D:2      | Reached skill level 1 in Fire Magic
  1353 | D:2      | Reached skill level 1 in Ice Magic
  1353 | D:2      | Reached skill level 1 in Air Magic
  1353 | D:2      | Reached skill level 1 in Earth Magic
  1353 | D:2      | Reached skill level 1 in Poison Magic
  1475 | D:2      | Found an ancient bone altar of Kikubaaqudgha.
  1476 | D:2      | Found a burning altar of Makhleb.
  1476 | D:2      | Found a hazy altar of Hepliaklqana.
  1478 | D:2      | Found a basalt altar of Yredelemnul.
  1480 | D:2      | Found a white marble altar of Elyvilon.
  1480 | D:2      | Found a glowing silver altar of Zin.
  1482 | D:2      | Found a shimmering blue altar of Sif Muna.
  1549 | D:2      | Found a shimmering altar of Xom.
  1654 | D:2      | Noticed Natasha
  1664 | D:2      | Killed Natasha
  1665 | D:2      | Reached XP level 5. HP: 41/47 MP: 5/7
  2624 | D:3      | Found an ornate altar of the Wu Jian Council.
  2742 | D:3      | Reached *** piety under Trog
  3065 | D:4      | Got a pair of crude boots
  3071 | D:4      | Identified the cursed -5 pair of boots of Polytheism
                  | {Rampage Str+3 Stlth+} (You found it on level 4 of the
                  | Dungeon)
  3513 | D:4      | Reached XP level 6. HP: 22/53 MP: 8/8
  3851 | D:4      | Reached skill level 5 in Armour
  3851 | D:4      | Reached skill level 5 in Dodging
  4032 | D:5      | Entered Level 5 of the Dungeon
  4356 | D:5      | Reached XP level 7. HP: 27/59 MP: 10/10
  4563 | D:5      | Found a one-way gate to the infinite horrors of the Abyss.
  4565 | D:5      | Found a corrupted altar of Lugonu.
  5038 | D:5      | Found a stormy altar of Qazlal.
  5044 | D:5      | Found an iron altar of Okawaru.
  5809 | D:5      | Reached XP level 8. HP: 66/66 MP: 12/12
  6374 | D:6      | Reached **** piety under Trog
  6574 | D:6      | Noticed Eustachio
  6579 | D:6      | Noticed Blork the orc
  6605 | D:6      | Reached XP level 9. HP: 48/73 MP: 14/14
  6606 | D:6      | Killed Blork the orc
  6754 | D:6      | Found a sand-covered staircase.
  6763 | Ossuary  | Entered an ossuary
  7168 | Ossuary  | Reached ***** piety under Trog
  7374 | D:6      | Killed Eustachio
  7806 | D:7      | Reached skill level 5 in Invocations
  8123 | D:7      | Found a staircase to the Ecumenical Temple.
  8390 | D:7      | Reached XP level 10. HP: 51/80 MP: 17/17
  8840 | D:7      | Found Caoshryfu's Weapon Shop.
  8900 | D:7      | Reached skill level 5 in Long Blades
  8900 | D:7      | Reached skill level 5 in Axes
  8900 | D:7      | Reached skill level 5 in Maces & Flails
  8900 | D:7      | Reached skill level 5 in Polearms
  8900 | D:7      | Reached skill level 5 in Staves
  8900 | D:7      | Reached skill level 5 in Slings
  8900 | D:7      | Reached skill level 5 in Bows
  8900 | D:7      | Reached skill level 5 in Crossbows
  8900 | D:7      | Reached skill level 5 in Throwing
  8900 | D:7      | Reached skill level 5 in Stealth
  8900 | D:7      | Reached skill level 5 in Shields
  8900 | D:7      | Reached skill level 5 in Unarmed Combat
  8900 | D:7      | Reached skill level 5 in Spellcasting
  8900 | D:7      | Reached skill level 5 in Evocations
  9495 | D:8      | Found Nacuymu's Book Shoppe.
  9711 | D:8      | Received a gift from Trog
 10944 | D:9      | Found a broken altar of Ashenzari.
 10963 | D:9      | Found a transporter.
 10971 | D:9      | Noticed a deep elf mage
 10971 | D:9      | Noticed a frost giant
 10979 | D:9      | Noticed a centaur warrior
 11019 | D:9      | Paralysed by a hornet for 2 turns
 11023 | D:9      | Reached XP level 11. HP: 57/87 MP: 19/19
 11210 | D:9      | Reached skill level 5 in Conjurations
 11210 | D:9      | Reached skill level 5 in Hexes
 11210 | D:9      | Reached skill level 5 in Summonings
 11210 | D:9      | Reached skill level 5 in Necromancy
 11210 | D:9      | Reached skill level 5 in Translocations
 11210 | D:9      | Reached skill level 5 in Transmutations
 11210 | D:9      | Reached skill level 5 in Fire Magic
 11210 | D:9      | Reached skill level 5 in Ice Magic
 11210 | D:9      | Reached skill level 5 in Air Magic
 11210 | D:9      | Reached skill level 5 in Earth Magic
 11210 | D:9      | Reached skill level 5 in Poison Magic
 11624 | D:9      | Found a staircase to the Orcish Mines.
 11836 | D:9      | Found a transporter.
 11989 | D:10     | Entered Level 10 of the Dungeon
 12716 | D:10     | Noticed a deep elf mage
 12727 | D:10     | Killed a deep elf mage
 12915 | D:10     | Received a gift from Trog
 13787 | D:10     | Reached ****** piety under Trog
 13793 | D:10     | Received a gift from Trog
 13805 | D:10     | Noticed an orc warlord
 13827 | D:10     | Killed an orc warlord
 13828 | D:10     | Reached XP level 12. HP: 15/96 MP: 22/22
 14507 | D:10     | Found Vuluyrong's Distillery.
 14691 | D:10     | Noticed a two-headed ogre
 14699 | D:10     | Killed a two-headed ogre
 15315 | D:11     | Found a staircase to the Lair.
 15809 | D:11     | Reached skill level 10 in Fighting
 15809 | D:11     | Reached skill level 10 in Short Blades
 16301 | D:12     | Noticed a death knight
 16316 | D:12     | Killed a death knight
 16750 | D:12     | Noticed a two-headed ogre
 16766 | D:12     | Killed a two-headed ogre
 17236 | Lair:1   | Entered Level 1 of the Lair of Beasts
 17570 | Lair:1   | Reached XP level 13. HP: 103/103 MP: 24/24
 18554 | Lair:2   | Found a runed translucent gate.
 18555 | Lair:2   | Found a runed translucent gate.
 18644 | Lair:2   | Found a runed translucent gate.
 18654 | Lair:2   | Noticed Daviar's ghost (journeyman OpFi)
 21188 | Lair:3   | Found a hole to the Spider Nest.
 21920 | Lair:4   | Received a gift from Trog
 22052 | Lair:4   | Found a staircase to the Swamp.
 22770 | Lair:4   | Reached XP level 14. HP: 105/111 MP: 26/26
 22831 | Lair:4   | HP: 2/111 [will-o-the-wisp/foxfire (24)]
 22833 | Lair:4   | Killed from afar by a will-o-the-wisp

Illustrated notes

Levels and vault maps discovered:
D:1:      kilobyte_arrival_exit_the_forest, layout_loops_ring
D:2:      minmay_thinvault, layout_basic, grunt_temple_overflow_open,
          old_standard_altar, uniq_natasha
D:3:      layout_basic, nzn_wu_jian_council_hall, minmay_misc_feat_plants,
          chequers_serial_rivers_micro_d
D:4:      layout_loops_cross
D:5:      layout_gridville, minitemple, kennysheep_path_1,
          amcnicky_altar_lugonu_corruption
D:6:      layout_layer_cave, enter_ossuary_3, sword_in_stone
D:7:      layout_basic, minmay_temple_entry_butterflies, serial_shops,
          nicolae_shop_statue_plus
D:8:      layout_basic, serial_shops, shop
D:9:      layout_basic, gammafunk_temple_overflow_arena, david_orc_4
D:10:     lemuel_castle_with_subvaults [lemuel_castle_interior_original],
          layout_irregular_city, serial_shops, kennysheep_mini,
          nrook_mini_vaults
D:11:     layout_loops_ring, minmay_lair_entry_grove
D:12:     lemuel_slime, layout_basic, dk_noncrumbling_3, serial_park_tiny_1
Lair:1:   layout_roguey
Lair:2:   layout_chaotic_city, gammafunk_ghost_necromancy,
          grunt_forest_small_clearing_treed, grunt_megastairs_3
Lair:3:   layout_regular_city, spider_nest_entry_funnel_web
Lair:4:   layout_layer_cave, minmay_swamp_entry_wisps, grunt_megastairs_4,
          serial_bayou_shore_b

Skill      XL: |  1  2  3  4  5  6  7  8  9 10 11 12 13 |
---------------+----------------------------------------+-----
Invocations    | 1 2 3 4 5 6 7 8 9 |  9.6
Long Blades    | 1 2 3 4 5 6 7 8 |  8.8
Axes           | 1 2 3 4 5 6 7 8 |  8.8
Maces & Flails | 1 2 3 4 5 6 7 8 |  8.8
Polearms       | 1 2 3 4 5 6 7 8 |  8.8
Staves         | 1 2 3 4 5 6 7 8 |  8.8
Slings         | 1 2 3 4 5 6 7 8 |  8.8
Bows           | 1 2 3 4 5 6 7 8 |  8.8
Crossbows      | 1 2 3 4 5 6 7 8 |  8.8
Throwing       | 1 2 3 4 5 6 7 8 |  8.8
Stealth        | 1 2 3 4 5 6 7 8 |  8.8
Shields        | 1 2 3 4 5 6 7 8 |  8.8
Unarmed Combat | 1 2 3 4 5 6 7 8 |  8.8
Spellcasting   | 1 2 3 4 5 6 7 8 |  8.8
Evocations     | 1 2 3 4 5 6 7 8 |  8.8
Conjurations   | 1 2 3 4 5 6 7 |  7.3
Hexes          | 1 2 3 4 5 6 7 |  7.3
Summonings     | 1 2 3 4 5 6 7 |  7.3
Necromancy     | 1 2 3 4 5 6 7 |  7.3
Translocations | 1 2 3 4 5 6 7 |  7.3
Transmutations | 1 2 3 4 5 6 7 |  7.3
Fire Magic     | 1 2 3 4 5 6 7 |  7.3
Ice Magic      | 1 2 3 4 5 6 7 |  7.3
Air Magic      | 1 2 3 4 5 6 7 |  7.3
Earth Magic    | 1 2 3 4 5 6 7 |  7.3
Poison Magic   | 1 2 3 4 5 6 7 |  7.3
Armour         | 5 6 7 8 9 |  9.9
Dodging        | 5 6 7 8 9 |  9.9
Fighting       | 7 8 9 10 | 10.8
Short Blades   | 7 8 9 10 | 10.8

Action                   |  1- 3 |  4- 6 |  7- 9 | 10-12 | 13-15 || total
-------------------------+-------+-------+-------+-------+-------++-------
Melee: Short sword       |    84 |   242 |   134 |       |       ||   460
       Bite              |     7 |    29 |    88 |   210 |    98 ||   432
       Dagger            |       |    10 |   185 |       |       ||   195
       Punch             |       |       |     8 |       |       ||     8
       Long sword        |       |       |   186 |  1024 |   382 ||  1592
       Flail             |       |       |       |       |    51 ||    51
Invok: Berserk           |     4 |     1 |     4 |     9 |     9 ||    27
       Trog's Hand       |       |     1 |     2 |    25 |     3 ||    31
Evoke: Wand              |       |       |       |     1 |       ||     1
  Use: Scroll            |       |     7 |     2 |     2 |    11 ||    22
       Potion            |       |       |       |     3 |     2 ||     5
 Stab: Sleeping          |     2 |     5 |       |     9 |       ||    16
       Distracted        |       |       |       |       |     1 ||     1
Armor: Animal skin       |     6 |     9 |       |       |       ||    15
       Scale mail        |       |    48 |   177 |   274 |   135 ||   634
Dodge: Dodged            |    65 |   186 |   298 |   686 |   416 ||  1651
Block: Buckler           |       |       |    32 |   276 |   154 ||   462
       Rpst.: Long sword |       |       |    56 |   227 |    82 ||   365
